 Dungeon Crawl Stone Soup version 0.29.1-1-gd02db69 (webtiles) character file.

Game seed: 11249480184777110074

842 Oogah the Cleaver (level 8, 0/99 HPs)
             Began as a Hill Orc Berserker on Dec 16, 2022.
             Was a Believer of Trog.
             Slain by a gnoll
             ... wielding a +0 club
             ... led by a gnoll bouda
              (6 damage)
             ... on level 5 of the Dungeon.
             The game lasted 01:09:03 (5226 turns).

Oogah the Cleaver (Hill Orc Berserker)              Turns: 5226, Time: 01:09:07

Health: 0/99       AC:  7    Str: 22    XL:     8   Next: 0%
Magic:  8/8        EV: 10    Int:  7    God:    Trog [**....]
Gold:   257        SH:  0    Dex: 10    Spells: 7/7 levels left

rFire   + . .      SeeInvis .   i - +0 war axe
rCold   + . .      Faith    .   (no shield)
rNeg    . . .      Spirit   .   g - +0 scale mail
rPois   .          Reflect  .   (no helmet)
rElec   .          Harm     .   (no cloak)
rCorr   .          Rampage  .   r - +0 pair of gloves
Will    .....                   (no boots)
Stlth   ..........              (no amulet)
HPRegen 0.26/turn               k - ring of protection from fire
MPRegen 0.11/turn               p - ring of protection from cold

@: berserking, very quick
A: no striking features
a: Renounce Religion, Berserk, Trog's Hand


You were on level 5 of the Dungeon.
You worshipped Trog.
Trog was pleased with you.
You visited 1 branch of the dungeon, and saw 5 of its levels.

You collected 257 gold pieces.

Inventory:

Hand Weapons
 a - a +0 hand axe
 i - a +0 war axe (weapon)
 B - the +2 hand axe of Courage {vorpal, rF+ rCorr Str-2 Dex+3}
   (You found it on level 4 of the Dungeon)

   It inflicts extra damage upon your enemies.
   Str:       It affects your strength (-2).
   Dex:       It affects your dexterity (+3).
   rF:        It protects you from fire.
   rCorr:     It protects you from acid and corrosion.
Missiles
 C - 2 throwing nets (quivered)
Armour
 b - a +0 animal skin
 g - a +0 scale mail (worn)
 r - a +0 pair of gloves (worn)
Jewellery
 k - a ring of protection from fire (left hand)
 l - a ring of willpower
 p - a ring of protection from cold (right hand)
 q - a ring of protection from cold
Wands
 t - a wand of flame (14)
 w - a wand of quicksilver (10)
Scrolls
 d - a scroll of torment
 j - 6 scrolls of teleportation {unknown}
 o - a scroll of poison {unknown}
 s - a scroll of identify
 v - a scroll of summoning {unknown}
 y - a scroll of immolation {unknown}
 z - a scroll of butterflies {unknown}
 D - a scroll of acquirement {unknown}
Potions
 c - a potion of heal wounds {unknown}
 e - 3 potions of brilliance
 f - 2 potions of flight
 h - a potion of haste
 m - a potion of degeneration {unknown}
 n - a potion of mutation {unknown}
 u - a potion of berserk rage {unknown}
 x - a potion of attraction {unknown}
 A - a potion of ambrosia {unknown}


   Skills:
 - Level 3.6 Fighting
 + Level 11.9 Axes
 - Level 2.2 Armour
 - Level 1.6 Dodging


You had 7 spell levels left.
You didn't know any spells.
Your spell library was empty.

Dungeon Overview and Level Annotations

Branches:
Dungeon (5/15)             Temple (0/1) D:5

Altars:
Fedhas
Makhleb
Zin


Message History

You punch the gnoll bouda, but do no damage.
You hit the gnoll. The gnoll barely misses you.
The gnoll bouda hits you with a +0 club.
You slash the gnoll!
The gnoll is almost dead.
You hit the gnoll bouda but do no damage.
Your attacks no longer feel as feeble.
The gnoll bouda hits you but does no damage.
The gnoll throws a throwing net.
The throwing net hits you.
You become entangled in the net!
The gnoll hits you with a +0 flail.
You struggle against the net.
The gnoll hits you with a +0 flail.
The gnoll bouda hits you with a +0 club.
The gnoll barely misses you.
You struggle against the net.
The gnoll barely misses you. The gnoll hits you but does no damage.
The gnoll bouda hits you but does no damage.
You rip the net and break free!
The gnoll closely misses you. The gnoll completely misses you.
The gnoll bouda hits you with a +0 club.
The gnoll hits you with a +0 flail! The gnoll closely misses you.
You slash the gnoll bouda!
The gnoll bouda is severely wounded.
You hit the gnoll.
You kill the gnoll!
Trog accepts your kill.
You barely miss the gnoll. You slash the gnoll! You barely miss the gnoll.
The gnoll hits you with a +0 flail!
* * * LOW HITPOINT WARNING * * *
The gnoll bouda hits you with a +0 club.
* * * LOW HITPOINT WARNING * * *
The gnoll closely misses you. The gnoll barely misses you.
You have reached level 8!
A red film seems to cover your vision as you go berserk!
You feel yourself moving faster!
You feel mighty!
The gnoll is no longer moving quickly.
The gnoll hits you with a +0 flail!
* * * LOW HITPOINT WARNING * * *
The gnoll bouda hits you with a +0 club.
* * * LOW HITPOINT WARNING * * *
The gnoll barely misses you. The gnoll hits you with a +0 club.
You die...

#...≈≈.≈≈.#....
..#..≈...≈.#.... #.
#..≈.8.≈....... ..#
##........#.........
...##..##...............
.......###...............
............##...........
#.....)g...............
##.....@g...###........
..#......gg....#<.......##
.....................# ...
####.(..............##...
#.^...................#
........................#
###.......>.............#
......................<.#.
.....##...)).)..........#.


You could see a gnoll bouda and 3 gnolls.

Vanquished Creatures
  Sigmund (D:4)
  A black bear (D:4)
  A centaur (D:5)
  A kobold brigand (D:4)
  A bullfrog (D:5)
  A necrophage (D:4)
  An iguana (D:4)
  Ijyb (D:4)
  An orc wizard (D:5)
  8 gnolls
  6 adders
  A white imp (D:5)
  3 worms
  A dart slug (D:4)
  8 orcs
  12 ball pythons
  5 bats
  4 endoplasms
  4 giant cockroaches
  9 goblins
  8 hobgoblins
  4 jackals (D:3)
  14 kobolds
  4 quokkas
  3 frilled lizards
  5 rats
108 creatures vanquished.

Vanquished Creatures (others)
  19 plants
19 creatures vanquished.

Grand Total: 127 creatures vanquished

Notes
Turn   | Place    | Note
-------+----------+-------------------------------------------
     0 | D:1      | Oogah the Hill Orc Berserker began the quest for the Orb.
     0 | D:1      | Reached XP level 1. HP: 19/19 MP: 1/1
   263 | D:1      | Reached XP level 2. HP: 19/27 MP: 2/2
   607 | D:1      | Reached skill level 5 in Axes
   989 | D:1      | Reached XP level 3. HP: 33/33 MP: 3/3
  1090 | D:1      | Reached ** piety under Trog
  1559 | D:2      | Reached skill level 6 in Axes
  1722 | D:2      | Reached XP level 4. HP: 40/40 MP: 4/4
  2422 | D:3      | Reached skill level 7 in Axes
  2522 | D:3      | Reached XP level 5. HP: 37/46 MP: 5/5
  2671 | D:3      | Found a glowing silver altar of Zin.
  3156 | D:3      | Found a burning altar of Makhleb.
  3495 | D:4      | Reached skill level 8 in Axes
  3495 | D:4      | Reached XP level 6. HP: 52/52 MP: 6/6
  3618 | D:4      | Noticed Ijyb
  3623 | D:4      | Noticed a black bear
  3633 | D:4      | Killed Ijyb
  3635 | D:4      | Killed a black bear
  3636 | D:4      | Reached skill level 9 in Axes
  3733 | D:4      | Noticed Sigmund
  3739 | D:4      | Killed Sigmund
  3740 | D:4      | Reached skill level 10 in Axes
  3740 | D:4      | Reached XP level 7. HP: 58/58 MP: 7/7
  4110 | D:4      | Identified the +2 hand axe of Courage {vorpal, rF+ rCorr
                  | Str-2 Dex+3}
  4136 | D:4      | Reached *** piety under Trog
  4694 | D:5      | Entered Level 5 of the Dungeon
  4710 | D:5      | Reached skill level 11 in Axes
  4717 | D:5      | HP: 4/87 [centaur/arrow (5)]
  4719 | D:5      | HP: 1/87 [centaur (3)]
  5163 | D:5      | Found a blossoming altar of Fedhas.
  5166 | D:5      | Found a staircase to the Ecumenical Temple.
  5226 | D:5      | Reached XP level 8. HP: 13/66 MP: 8/8
  5226 | D:5      | Slain by a gnoll

Illustrated notes

Levels and vault maps discovered:
D:1:      psy_arrival_basics, layout_loops_corners, serial_bayou_pond_c
D:2:      layout_basic
D:3:      layout_loops_ring, lemuel_crystal_altar, zin_scriptorium
D:4:      layout_cave_pools, lexackson_kobold_supper, uniq_ijyb, uniq_sigmund
D:5:      layout_cave_pools, kennysheep_little_box, mainiacjoe_overflow_catwalk,
          minmay_temple_entry_statues_fountains, minivault_25,
          nicolae_shop_vocational

Skill      XL: |  1  2  3  4  5  6  7 |
---------------+----------------------+-----
Axes           | 5 6 7 8 10 11 | 11.9
Fighting       | |  3.6
Armour         | |  2.2
Dodging        | |  1.6

Action                   |  1- 3 |  4- 6 |  7- 9 || total
-------------------------+-------+-------+-------++-------
Melee: Hand axe          |   173 |   107 |       ||   280
       Punch             |     2 |       |     1 ||     3
       War axe           |       |    23 |    64 ||    87
Invok: Berserk           |     1 |     7 |     4 ||    12
  Use: Scroll            |       |     4 |     1 ||     5
Armor: Animal skin       |    16 |       |       ||    16
       Scale mail        |    46 |    42 |    27 ||   115
Dodge: Dodged            |    96 |    69 |    45 ||   210
